 Dungeon Crawl Stone Soup version 0.24.0-2-g5b39cebb1c (webtiles) character file.

Game seed: 9319918031216879890, levelgen mode: deterministic

942 Katsumi the Transmogrifier (level 7, -1/33 HPs)
             Began as a Felid Transmuter on Oct 29, 2019.
             Was a Follower of Ru.
             Slain by a centaur warrior skeleton (4 damage)
             ... on level 10 of the Dungeon.
             The game lasted 00:21:42 (13914 turns).

Katsumi the Transmogrifier (Felid Transmuter)      Turns: 13914, Time: 00:21:43

Health: -1/33      AC:  5    Str:  4    XL:     7   Next: 88%
Magic:  14/14      EV: 21    Int: 18    God:    Ru [*.....]
Gold:   480        SH:  0    Dex: 16    Spells: 0/14 levels left
                                        Lives:  0   Deaths: 2

rFire    . . .     SeeInvis +     - Unarmed
rCold    . . .     Gourm    .   (shield unavailable)
rNeg     . . .     Faith    .   (armour unavailable)
rPois    .         Spirit   .   (helmet unavailable)
rElec    .         Reflect  .   (cloak unavailable)
rCorr    .         Harm     .   (gloves unavailable)
MR       +....                  (boots unavailable)
Stlth    ++........             (no amulet)
HPRegen  0.11/turn              e - +2 ring of evasion
MPRegen  0.14/turn              A - +3 ring of protection

@: quick
A: very small, no armour, no weapons or thrown items, stealth, claws 1, fangs 3,
see invisible, carnivore, speed 1, shaggy fur 2, slow metabolism 1, weak 1, no
air magic, no charms magic, no necromancy magic, sharp paws
a: Renounce Religion


You were on level 10 of the Dungeon.
You worshipped Ru.
Ru was aware of your devotion.
You were not hungry.

You visited 2 branches of the dungeon, and saw 11 of its levels.

You collected 480 gold pieces.

Inventory:

Missiles
 a - 167 arrows
Jewellery
 e - a +2 ring of evasion (left paw)
 h - an uncursed ring of stealth
 o - a +3 ring of intelligence
 z - an uncursed ring of ice
 A - a +3 ring of protection (right paw)
 B - an uncursed ring of positive energy
 D - a +3 ring of strength
Wands
 p - a wand of random effects (22)
 r - a wand of digging (4)
 y - a wand of polymorph (8)
 G - a wand of disintegration (15)
 H - a wand of paralysis (6)
Scrolls
 b - 9 scrolls of teleportation
 d - a scroll of enchant armour {unknown}
 g - a scroll of magic mapping
 j - 2 scrolls of fear {unknown}
 k - a scroll of noise
 u - a scroll of remove curse
 x - a scroll of identify
 C - a scroll of blinking {unknown}
 F - a scroll of vulnerability {unknown}
Potions
 f - a potion of berserk rage
 i - 2 potions of brilliance
 l - a potion of magic
 m - 3 potions of mutation
 n - 2 potions of ambrosia
 q - 2 potions of agility
 s - 6 potions of lignification
 t - 2 potions of curing {unknown}
 v - 2 potions of degeneration {unknown}
 w - 2 potions of flight {unknown}
 E - 2 potions of haste {unknown}
Comestibles
 c - 14 rations


   Skills:
 + Level 4.4 Fighting
 - Level 3.4 Dodging
 - Level 1.9 Stealth
 - Level 3.7 Unarmed Combat
 - Level 4.0 Spellcasting
 - Level 6.2 Summonings
 - Level 11.0 Transmutations
 - Level 3.0 Ice Magic


You couldn't memorise any spells.
You knew the following spells:

 Your Spells              Type           Power        Failure   Level  Hunger
a - Beastly Appendage     Tmut           #####.       1%          1    None
b - Sticks to Snakes      Tmut           #####...     1%          2    ##.....
c - Blade Hands           Tmut           #####.....   4%          5    ######.
d - Confusing Touch       Hex            #.....       14%         1    None
e - Apportation           Tloc           #.....       14%         1    None
f - Animate Skeleton      Necr           N/A          14%         1    None
g - Summon Ice Beast      Ice/Summ       ###.....     22%         4    ####...

Your spell library contained the following spells:

 Spells                   Type           Power        Failure   Level  Hunger
 Summon Small Mammal      Summ           ####         1%          1    None
 Call Imp                 Summ           ####....     1%          2    ##.....
 Call Canine Familiar     Summ           ####....     3%          3    ###....
 Spider Form              Tmut/Pois      ###.......   4%          3    ###....
 Ice Form                 Ice/Tmut       ####....     9%          4    ####...
 Summon Guardian Golem    Hex/Summ       ##......     12%         3    ###....
 Infusion                 Chrm           Unusable     N/A         1    N/A
 Shroud of Golubria       Chrm/Tloc      Unusable     N/A         2    N/A
 Song of Slaying          Chrm           Unusable     N/A         2    N/A
 Summon Lightning Spire   Summ/Air       Unusable     N/A         4    N/A
 Regeneration             Chrm/Necr      Unusable     N/A         3    N/A
 Spectral Weapon          Hex/Chrm       Unusable     N/A         3    N/A

Dungeon Overview and Level Annotations

Branches:
Dungeon (10/15)            Temple (1/1) D:4            Lair (0/6) D:8
    Orc (0/2) D:9

Altars:
Ashenzari
Cheibriados
Dithmenos
Elyvilon
Fedhas
Hepliaklqana
Makhleb
Nemelex Xobeh
Okawaru
Qazlal
Ru
Sif Muna
Uskayaw
Vehumet
Wu Jian
Xom
Yredelemnul
Zin
The Shining One

Annotations:
D:3 Robin


Innate Abilities, Weirdness & Mutations

You cannot wear armour.
You are incapable of wielding weapons or throwing items.
Your paws allow you to move quietly. (Stealth)
You have sharp claws.
You have razor-sharp teeth.
You have supernaturally acute eyesight. (SInv)
You are carnivorous and can eat meat at any time.
You cover ground quickly.
You are covered in thick fur. (AC +2)
You have a slow metabolism.
You are weak. (Str -2)
You cannot study or cast Air magic.
You cannot study or cast Charms magic.
You cannot study or cast Necromancy magic.
Your sharp claws are effective at attacking unaware monsters.


Message History

The centaur warrior skeleton closely misses you.
The centaur warrior skeleton hits you. The centaur warrior skeleton hits you!
The centaur warrior skeleton barely misses you.
The centaur warrior skeleton misses you.
The centaur warrior skeleton misses you.
The centaur warrior skeleton is stunned by your will and fails to attack.
The centaur warrior skeleton hits you.
The centaur warrior skeleton barely misses you.
The centaur warrior skeleton misses you. x2
The centaur warrior skeleton hits you but does no damage.
The centaur warrior skeleton misses you.
The centaur warrior skeleton hits you!
* * * LOW HITPOINT WARNING * * *
The centaur warrior skeleton closely misses you.
The centaur warrior skeleton hits you.
* * * LOW HITPOINT WARNING * * *
The centaur warrior skeleton barely misses you.
The centaur warrior skeleton hits you.
You die...

#.....#.#.####..##.#.# #.#
#.......#.##.#.....'.# #..
#...########.#.....#.# ###
#.#.'..#...#.#.##..#.#
#...#..'...#.#.....###
#...#..#.#.#.#############
#.#.####.#.#....#........#
#...# #.†.#Z...'........#
#...# #...@....#........###
#...########.#######'#####..
#...#.....##.#*,*#.........#
#...#.....##.#*,,#......#...
#...'.....##.#*,,#..........
#...########.#*,,#.#.......#
#.......#**#.#*,,#.#.......#
#....##.#,,..###+#..........
#.#..##.#,*###..............


You could see a centaur warrior skeleton.

Vanquished Creatures
  Prince Ribbit (D:9)
  A hippogriff (D:7)
  A wyvern (D:9)
  A water moccasin (D:7)
  An ice beast (D:7)
  A black bear (D:6)
  2 orc warriors
  2 sky beasts
  A phantom (D:9)
  3 centaurs
  2 bullfrogs
  2 scorpions
  5 killer bees (D:8)
  4 howler monkeys
  3 jellies
  5 crimson imps
  7 orc wizards
  8 orc priests
  5 hounds
  3 bullfrog skeletons
  2 iguanas
  2 worker ants
  3 hound skeletons
  2 worker ant zombies
  7 gnolls
  A howler monkey skeleton (D:9)
  4 adders
  3 shadow imps
  2 oozes
  3 adder skeletons
  6 worms
  4 dart slugs
  4 leopard geckos
  22 orcs
  2 ball pythons
  7 giant cockroaches
  13 goblins
  8 hobgoblins
  9 jackals
  6 kobolds
  4 quokkas
  8 bats
  6 frilled lizards
  A giant cockroach zombie (D:5)
  A jackal skeleton (D:5)
  A leopard gecko zombie (D:5)
  A quokka skeleton (D:5)
  9 rats
199 creatures vanquished.

Vanquished Creatures (collateral kills)
  Sigmund (D:2)
  An orc warrior (D:7)
  A crimson imp (D:7)
  An adder (D:4)
  An orc (D:7)
  A leopard gecko zombie (D:7)
6 creatures vanquished.

Vanquished Creatures (others)
  A killer bee (D:8)
  2 bushes (D:7)
  3 fungi (D:8)
6 creatures vanquished.

Grand Total: 211 creatures vanquished

Notes
Turn   | Place    | Note
-------+----------+-------------------------------------------
     0 | D:1      | Katsumi the Felid Transmuter began the quest for the Orb.
     0 | D:1      | Reached XP level 1. HP: 9/9 MP: 4/4
   201 | D:1      | Reached XP level 2. HP: 11/13 MP: 4/6
   939 | D:1      | Reached XP level 3. HP: 12/17 MP: 7/7
  1238 | D:1      | Learned a level 2 spell: Sticks to Snakes
  1371 | D:2      | Found a shattered altar of Ashenzari.
  1587 | D:2      | Reached skill level 3 in Transmutations
  1843 | D:2      | Found a shimmering altar of Xom.
  2010 | D:2      | Noticed Sigmund
  2090 | D:2      | Killed Sigmund
  2090 | D:2      | Reached skill level 5 in Transmutations
  2090 | D:2      | Reached XP level 4. HP: 21/21 MP: 1/8
  2090 | D:2      | Reached XP level 5. HP: 24/24 MP: 1/9
  2218 | D:2      | Learned a level 5 spell: Blade Hands
  2822 | D:3      | Noticed Robin
  3773 | D:4      | Reached skill level 6 in Transmutations
  3951 | D:4      | Gained mutation: You are covered in thick fur. (AC +2)
                  | [Felid growth]
  3951 | D:4      | Reached XP level 6. HP: 18/28 MP: 8/10
  4179 | D:4      | Found a staircase to the Ecumenical Temple.
  4187 | Temple   | Entered the Ecumenical Temple
  4250 | Temple   | Became a worshipper of Ru the Awakened
  5343 | D:5      | Entered Level 5 of the Dungeon
  5374 | D:5      | Found a blossoming altar of Fedhas.
  5901 | D:5      | Reached skill level 7 in Transmutations
  5941 | D:5      | Reached XP level 7. HP: 15/31 MP: 4/12
  6225 | D:5      | Found an iron altar of Okawaru.
  6243 | D:5      | Gained mutation: You are weak. (Str -2) [Ru sacrifice]
  6750 | D:5      | Reached skill level 8 in Transmutations
  6984 | D:5      | Learned a level 1 spell: Confusing Touch
  6986 | D:5      | Learned a level 1 spell: Apportation
  6988 | D:5      | Learned a level 1 spell: Animate Skeleton
  8140 | D:6      | Reached skill level 9 in Transmutations
  8233 | D:6      | Reached XP level 8. HP: 17/34 MP: 9/14
  8239 | D:6      | Learned a level 3 spell: Regeneration
  9094 | D:7      | Noticed a hippogriff
  9105 | D:7      | Killed a hippogriff
  9105 | D:7      | Reached skill level 10 in Transmutations
  9339 | D:7      | Found an iron altar of Okawaru.
  9457 | D:7      | Reached skill level 1 in Charms
  9607 | D:7      | Gained mutation: You cannot study or cast Air magic. [Ru
                  | sacrifice]
  9607 | D:7      | Gained mutation: You cannot study or cast Necromancy magic.
                  | [Ru sacrifice]
  9607 | D:7      | Gained mutation: You cannot study or cast Charms magic. [Ru
                  | sacrifice]
  9607 | D:7      | Reached * piety under Ru
  9724 | D:7      | Reached skill level 11 in Transmutations
 10003 | D:7      | You fall into a shaft and drop 3 floors!
 10003 | D:10     | Entered Level 10 of the Dungeon
 10100 | D:9      | Reached skill level 1 in Stealth
 10189 | D:9      | Found a glowing golden altar of the Shining One.
 10197 | D:9      | Found a staircase to the Orcish Mines.
 10216 | D:9      | Found a white marble altar of Elyvilon.
 10222 | D:9      | Reached XP level 9. HP: 38/38 MP: 10/16
 10487 | D:9      | Learned a level 4 spell: Summon Ice Beast
 10552 | D:8      | Reached skill level 1 in Summonings
 10877 | D:8      | Reached skill level 1 in Ice Magic
 10923 | D:7      | You fall into a shaft and drop 2 floors!
 11781 | D:8      | Found a staircase to the Lair.
 12442 | D:9      | Reached skill level 5 in Summonings
 12612 | D:9      | Noticed Prince Ribbit
 12623 | D:9      | Killed Prince Ribbit
 13618 | D:10     | Mangled by an orc warrior
 13619 | D:10     | Reached XP level 8. HP: -8/36 MP: 12/15
 13793 | D:10     | Slain by a centaur warrior skeleton
 13794 | D:10     | Reached XP level 7. HP: -2/33 MP: 14/14
 13914 | D:10     | Slain by a centaur warrior skeleton

Levels and vault maps discovered:
D:1:      dpeg_arrival_radiant, layout_loops_ring
D:2:      layout_basic, evilmike_ruin_ashenzari, xom_butterflies,
          minmay_heptomino_o4, uniq_sigmund
D:3:      layout_basic, uniq_robin
D:4:      layout_gridville, minmay_temple_entry_tees, first_ration
D:5:      layout_loops_corners, nicolae_overflow_hidden_temple, fedhas_altar_4
D:6:      layout_rooms
D:7:      layout_cave_pods, minmay_hedge_maze, okawaru_trees_2
D:8:      layout_rooms, dpeg_oklobed_lair
D:9:      layout_loops_ring, elyvilon_altar_5, tso_altar, orc_0_dummy,
          uniq_prince_ribbit1
D:10:     layout_stronghold
Temple:   nicolae_temple_elliptical

Skill      XL: |  1  2  3  4  5  6  7  8  9 |
---------------+----------------------------+-----
Fighting       | 2 3 4 |  4.4
Transmutations | 5 6 7 9 11 | 11.0
Spellcasting   | 3 4 |  4.0
Charms         | 0 |  0.0
Stealth        | 1 |  1.9
Dodging        | 3 |  3.4
Summonings     | 6 |  6.2
Ice Magic      | 3 |  3.0
Unarmed Combat | |  3.7

Action                   |  1- 3 |  4- 6 |  7- 9 || total
-------------------------+-------+-------+-------++-------
Melee: Unarmed           |   122 |   165 |   375 ||   662
       Headbutt          |    21 |    23 |    12 ||    56
       Bite              |     6 |    19 |    26 ||    51
       Punch             |       |     2 |     3 ||     5
 Cast: Beastly Appendage |    33 |    36 |    18 ||    87
       Sticks to Snakes  |     2 |     2 |     9 ||    13
       Blade Hands       |       |     5 |    45 ||    50
       Animate Skeleton  |       |       |     2 ||     2
Invok: Sacrifice Purity  |       |       |     1 ||     1
       Sacrifice Arcana  |       |       |     1 ||     1
       Reject Sacrifices |       |       |     1 ||     1
Evoke: Wand              |       |       |    10 ||    10
  Use: Scroll            |     2 |     3 |    10 ||    15
       Potion            |       |       |     3 ||     3
 Stab: Sleeping          |    10 |     9 |     3 ||    22
       Distracted        |     1 |       |       ||     1
  Eat: Chunk             |    10 |     9 |    29 ||    48
Armor: Skin              |     2 |     3 |    31 ||    36
Dodge: Dodged            |   109 |   145 |   344 ||   598
